[Event "Late-Titled-Tuesday-Blitz-July-09-2024"]
[Site "Chess.com"]
[Date "2024.07.09"]
[Round "3"]
[White "i_like_explosions"]
[Black "ChessBrainiacOnTwitch"]
[Result "0-1"]
[WhiteElo "2532"]
[BlackElo "2822"]
[TimeControl "180+1"]
[EndTime "14:30:07 PDT"]
[Termination "ChessBrainiacOnTwitch won by resignation"]

1. d4 Nf6 2. Bg5 Ne4 3. Bf4 g6 4. f3 Nf6 5. e4 d5 6. e5 Nfd7 7. Qd2 Bg7 8. h4 h5 9. Nh3 Nb6 10. c3 Bf5 11. Bd3 Bxd3 12. Qxd3 e6 13. Bg5 Qd7 14.
Nd2 Nc6 15. O-O Ne7 16. b3 Nf5 17. a4 a5 18. Rfc1 O-O 19. Nf1 Rac8 20. Ne3 Ne7 21. g4 f6 22. exf6 Bxf6 23. Bh6 Rf7 24. Ng2 hxg4 25. fxg4 e5 26. dxe5 Bxe5 27. Qe2 Nc6 28. Ng5 Re7 29. Qd3 Qd6 30. Rf1 Bg7 31. Bxg7 Rxg7 32. Rae1 Ne5 33. Qg3 Nbd7 34. Re3 d4 35. cxd4 Qxd4 36. Rf4 Qd6 37. Kh2 Re7 38. Rfe4 Rf8 39.
Kh3 Qf6 40. Rf4 Qd6 41. Rxf8+ Kxf8 42. Re4 Kg8 43. Rf4 Qd1 44. Kh2 Qd6 45. Ne4 Qe6 46.
Ng5 Qd5 47. Qf2 Re8 48. Rd4 Qc5 49. Kg3 Qe7 50. Qe3 Nf6 51. Rf4 Nd5 52. Qe4 Nxf4 53. Qxf4 Rf8 54. Qe4 Qd6 55. Kh3 Qd3+ 56. Qxd3 Nxd3 57.
Ne3 Nf2+ 58. Kg3 Nd3 59. Nd5 c6 60. Ne7+ Kg7 61. h5 Kf6 62. Nxg6 Rg8 63. Nh7+ Kg7 64.
Ng5 Kf6 65. Kh4 Ne5 66. Ne4+ Ke6 67. Ng5+ Kf6 68. Ne4+ Kg7 69. Ng5 Ra8 70. Ne6+ Kf6 71.
Nef4 Nf3+ 72. Kg3 Ng5 73. Ne2 Re8 74. Nef4 Re3+ 75. Kh4 Rxb3 76. Nf8 Nf3+ 77. Kg3 Ng5+ 78. Kh4 Nf3+ 79. Kg3 Ne5+ 80. Kh4 Kf7 81. N8g6 Nf3+ 82. Kg3 Kg7 83. Kg2 Kh6 84. Ne6 Ng5 85. Ne7 Nxe6 86. Nf5+ Kg5 0-1

[Event "Late-Titled-Tuesday-Blitz-July-09-2024"]
[Site "Chess.com"]
[Date "2024.07.09"]
[Round "3"]
[White "Lady_Nika"]
[Black "BardArtem"]
[Result "1/2-1/2"]
[WhiteElo "2500"]
[BlackElo "2809"]
[TimeControl "180+1"]
[EndTime "14:30:08 PDT"]
[Termination "Game drawn by repetition"]

1. e4 e5 2. Nf3 Nc6 3. Bb5 Nge7 4.
O-O Ng6 5. c3 d5 6. exd5 Qxd5 7.
c4 Qd3 8. Nc3 Bg4 9. Re1 Bxf3 10. Qxf3 Qxf3 11. gxf3 O-O-O 12. Bxc6 bxc6 13. Na4 Bb4 14. Nc3 Rd3 15. Re3 Rhd8 16. Kf1 f6 17. a3 Bc5 18. b4 Bxe3 19. fxe3 f5 20. Ke2 f4 21.
Nd5 cxd5 22. Kxd3 dxc4+ 23. Kxc4 e4 24. exf4 exf3 25. d4 Re8 26. f5 Nh4 27. Bg5 Nxf5 28. Rf1 h6 29. Bc1 Nh4 30. Bf4 Ng2 31. Bc1 Re1 32.
Rxe1 Nxe1 33. Be3 Nc2 34. Bf2 Nxa3+ 35. Kd3 g5 36. Ke4 g4 37. Kf4 h5 38. Kg5 Nc2 39.
Kxh5 Nxb4 40. Kxg4 a5 41. Kxf3 a4 42. d5 a3 43. Bd4 Kd7 44. h4 Ke7 45. h5 Kf7 46. h6 Kg6 47. Bg7 Nxd5 48. Ke4 Nb4 49. Ke3 c6 50. Kd2 a2 51. Kc1 c5 52. Kd2 Kh7 53. Kc1 c4 54. Kd2 Nd5 55. Kc1 c3 56. Bxc3 Nxc3 57.
Kb2 Kxh6 58. Ka1 Kg6 59. Kb2 Kf5 60. Ka1 Ke4 61. Kb2 Kd4 62. Ka1 Kc4 63. Kb2 Kb4 64. Ka1 Kc4 65. Kb2 Kd3 66. Ka1 Kd2 67.
Kb2 Ke3 68. Ka1 Kf4 69. Kb2 Kg5 70. Ka1 Kh6 71. Kb2 Kg7 72. Ka1 Kh8 73. Kb2 Kg8 74.
Ka1 Kf8 75. Kb2 Ke8 76. Ka1 Kd8 77. Kb2 Kc8 78. Ka1 Kb8 79. Kb2 Ka7 80. Ka1 Ka6 81.
Kb2 Ka5 82. Ka1 Kb4 83. Kb2 Kc4 84. Ka1 Kd3 85. Kb2 Kd2 86. Ka1 Kd3 87. Kb2 Ke3 88. Ka1 Kf4 89. Kb2 Ke5 90. Ka1 Kd4 91. Kb2 Kc5 92. Ka1 Kb5 93. Kb2 Ka4 94. Ka1 Kb4 95. Kb2 Kc4 96. Ka1 Kd4 97. Kb2 Ke5 98. Ka1 Kf4 1/2-1/2

[Event "Late-Titled-Tuesday-Blitz-July-09-2024"]
[Site "Chess.com"]
[Date "2024.07.09"]
[Round "3"]
[White "karinachess1"]
[Black "IndianSchoolOfSuffering"]
[Result "1-0"]
[WhiteElo "2666"]
[BlackElo "2436"]
[TimeControl "180+1"]
[EndTime "14:30:25 PDT"]
[Termination "karinachess1 won by resignation"]

1. d4 Nf6 2. c4 e6 3. Nc3 Bb4 4. e3 O-O 5. Bd3 d5 6. cxd5 exd5 7. a3 Bd6 8. Nge2 Re8 9. Qc2 c5 10. Bd2 Nc6 11. dxc5 Bxc5 12. Nb5 Bb6 13. O-O a6 14. Nbd4 Nxd4 15. Nxd4 Ne4 16. Bc3 Bd7 17. Qb3 Rc8 18. Rad1 Nxc3 19. bxc3 Be6 20. Nf3 Qc7 21. Rb1 Ba5 22.
Qxb7 Qxb7 23. Rxb7 Rxc3 24. Bxa6 Rxa3 25. Bb5 Rb3 26. Nd4 Rb2 27. Ra7 Bb6 28. Ra6 Bxd4 29. Bxe8 Bf6 30. Ra8 Kf8 31. Bd7+ Ke7 32. Bxe6 fxe6 33.
Ra7+ Kd6 34. Ra6+ Ke5 35. g4 Ke4 36. Rxe6+ Kf3 37. Rd6 Bh4 38. Rxd5 Bxf2+ 39. Kh1 Kxe3 40. Rf5 Bh4 41. R5f3+ Ke4 42. Rf7 Bf6 43. h3 h6 44.
Rf8 Rb3 45. Kg2 Rb2+ 46. Rf2 Rb3 47. Re8+ Kd5 48. Rf5+ Kd6 49. Rf3 Rb2+ 50. Rf2 Rb3 51. Rfe2 Kd7 52. R8e3 Rb4 53. Rd3+ Kc6 54. Rc2+ Kb5 55.
Rd5+ Ka4 56. Rdc5 Kb3 57. Rc8 Rd4 58. Re2 Rd3 59. Re6 Bc3 60. Rb6+ Kc2 61. Rbc6 Rd2+ 62.
Kf3 Rd3+ 63. Kg2 Kd2 64. h4 Rd4 65. Kf3 Rd3+ 66. Kf4 Bf6 67. g5 hxg5+ 68. hxg5 Rd4+ 69. Kf3 Bxg5 70. Rc2+ Kd1 71. Rg2 Bd2 72. Ra8 Rf4+ 73. Kg3 Rc4 74. Ra1+ Bc1 75. Rg1+ Kd2 76. Kf3 Rc3+ 77.
Ke4 Re3+ 78. Kd5 Rd3+ 79. Ke6 Re3+ 80. Kf7 Rc3 81. Ra2+ Rc2 82. Rg2+ 1-0

[Event "Late-Titled-Tuesday-Blitz-July-09-2024"]
[Site "Chess.com"]
[Date "2024.07.09"]
[Round "3"]
[White "Happy1712Drummer"]
[Black "alreadybroken23"]
[Result "0-1"]
[WhiteElo "2433"]
[BlackElo "2664"]
[TimeControl "180+1"]
[EndTime "14:31:00 PDT"]
[Termination "alreadybroken23 won on time"]

1. d4 d5 2. c4 e6 3. Nf3 Nf6 4.
Nc3 Be7 5. Qc2 O-O 6. cxd5 exd5 7. Bf4 Re8 8. a3 c6 9. e3 Bd6 10. Bg5 Nbd7 11. Bd3 h6 12. Bh4 Nf8 13. O-O Bg4 14. Bg3 Bxf3 15. gxf3 Nh5 16. Kg2 Qg5 17. Rae1 Ne6 18.
Bf5 g6 19. Bg4 Bf8 20. Qd1 Nhg7 21. f4 Qf6 22. Qd3 h5 23. Bxe6 Nxe6 24. h3 Bd6 25. f5 Ng5 26. fxg6 fxg6 27. f4 Ne4 28. Nxe4 Rxe4 29. Rf3 Rae8 30. Ref1 Qf5 31. Qd2 a6 32. Bf2 Kh7 33. Bg1 R4e6 34. Bh2 Rf6 35. Kg1 Qe4 36. Qg2 Rf5 37. Kh1 Ref8 38. Bg1 R8f7 39. Rg3 Qxg2+ 40. Kxg2 Re7 41. Rgf3 Re6 42. Re1 Kg7 43. Ref1 Kf7 44. h4 Be7 45. Bf2 Bf6 46. Rh3 Re7 47. Rc1 Bg7 48.
Rhh1 Bh6 49. Rhd1 Ke6 50. Rd2 Rff7 51. b4 Kf5 52. Rb2 Ke4 53. a4 Rc7 54. b5 cxb5 55. Rxc7 Rxc7 56. axb5 a5 57. b6 Rc1 58. Ra2 Rb1 59.
Rxa5 Rxb6 60. Ra8 Bg7 61. Re8+ Kd3 62. Kf3 Rb1 63. Rd8 b5 64. Rd6 b4 65. Rxg6 Bf8 66. Rf6 Be7 67. Re6 Bd8 68. Rd6 Be7 69. Re6 Bd8 70.
Rd6 Bc7 71. Rc6 Ba5 72. Rc5 Bd8 73. Rxd5 Be7 74. Re5 Bd6 75. Rd5 Bc7 76. Rxh5 b3 77.
Rc5 Bd6 78. Rc6 Bb4 79. Rb6 Kc4 80. Rc6+ Kb5 81. Rc8 b2 82. Rc2 Ka4 83. h5 Kb3 84. Rxb2+ Kxb2 85. Kg4 Kc3 86. h6 Bf8 87. h7 Bg7 88.
Bh4 Kd3 89. Kf5 Kxe3 90. d5 Rb5 91. Kg6 Bh8 0-1

[Event "Late-Titled-Tuesday-Blitz-July-09-2024"]
[Site "Chess.com"]
[Date "2024.07.09"]
[Round "3"]
[White "Gangster-accountant01"]
[Black "RichardShtivelband"]
[Result "1/2-1/2"]
[WhiteElo "2587"]
[BlackElo "2376"]
[TimeControl "180+1"]
[EndTime "14:31:31 PDT"]
[Termination "Game drawn - insufficient material"]

1. c4 Nf6 2. d3 c5 3. Nc3 d5 4. cxd5 Nxd5 5. g3 e5 6. Bg2 Be6 7. Nf3 f6 8. O-O Nc6 9. Nxd5 Bxd5 10. Be3 Rc8 11. Rc1 b6 12. a3 Be7 13. Bh3 Rc7 14.
Nh4 g6 15. f4 O-O 16. Bd2 f5 17. Nf3 e4 18. dxe4 Bxe4 19. Bc3 Rd7 20. Qa4 Bf6 21. Ne5 Nxe5 22. fxe5 Bg5 23. Bg2 Be3+ 24. Kh1 Bxg2+ 25. Kxg2 Bxc1 26. Qc4+ Rdf7 27. Rxc1 Qa8+ 28. Kf2 Qe4 29. Qb3 c4 30. Qc2 Qxc2 31. Rxc2 b5 32. Ke3 Rd7 33. Kf4 Kf7 34. h4 Ke6 35. e3 h6 36. Bb4 Rg8 37. Bd6 g5+ 38. hxg5 hxg5+ 39. Kf3 Rh7 40. Rd2 Rh1 41. Bc7 Rf1+ 42. Kg2 Rb1 43. Rd6+ Ke7 44. Rd2 Rc8 45. Bd6+ Ke6 46. Bb4 Kxe5 47. Bc3+ Ke4 48. Kf2 f4 49. exf4 gxf4 50.
Rd4+ Kf5 51. Rxf4+ Kg6 52. Rf6+ Kh5 53. Rf7 Re8 54. Rh7+ Kg6 55. Rxa7 Rd1 56. Rg7+ Kf5 57. g4+ Ke4 58. Rf7 Rd3 59. g5 Rg8 60. Bf6 Rd2+ 61.
Kg3 Re2 62. Re7+ Kd3 63. Rd7+ Kc2 64. Kf4 Rf2+ 65. Ke5 Re8+ 66. Kd6 Re4 67. Kc5 Rf5+ 68. Kb4 Kb1 69. Bc3 Rg4 70. Bd2 Ka2 71. Rg7 c3+ 72. Kxc3 Rf3+ 73. Kc2 Rc4+ 74. Kd1 Rd4 75. Ke2 Rfd3 76.
Bc3 Rd5 77. g6 Kb3 78. Rg8 Rg3 79. g7 Rdg5 80. Rb8 Rxg7 81. Bxg7 Rxg7 82. Rxb5+ Ka4 83. Rb8 Re7+ 84. Kd3 Rd7+ 85. Kc4 Rc7+ 86. Kd5 Rc2 87. b4 Kxa3 88. b5 Ka4 89. b6 Ka5 90. b7 Kb6 91. Rc8 Rd2+ 92. Ke6 Kxb7 93. Rc3 Re2+ 94. Kd6 Rd2+ 95.
Kc5 Re2 96. Rh3 Rd2 97. Rh7+ Kc8 98. Kb6 Kd8 99. Kc6 Ke8 100. Ra7 Kf8 101. Ra8+ Kf7 102. Ra5 Ke7 103. Ra7+ Ke8 104. Ra8+ Ke7 105. Rh8 Kf7 106. Rh7+ Ke8 107. Rh8+ Ke7 108. Rh1 Ke8 109. Re1+ Kf7 110. Re5 Kf6 111. Rd5 Rxd5 112. Kxd5 1/2-1/2

[Event "Late-Titled-Tuesday-Blitz-July-09-2024"]
[Site "Chess.com"]
[Date "2024.07.09"]
[Round "4"]
[White "scrambleyourbrain"]
[Black "ReinisUz"]
[Result "0-1"]
[WhiteElo "2350"]
[BlackElo "2551"]
[TimeControl "180+1"]
[EndTime "14:33:23 PDT"]
[Termination "ReinisUz won by resignation"]

1. e4 e5 2. Nf3 Nc6 3. Bb5 g6 4.
O-O Bg7 5. c3 Nge7 6. d4 exd4 7.
cxd4 a6 8. Ba4 b5 9. Bc2 O-O 10. Nc3 d6 11. h3 Nb4 12. Bb1 c5 13. a3 Nbc6 14. Be3 cxd4 15. Nxd4 Ne5 16. Ba2 Bb7 17. f4 Nc4 18. Bxc4 bxc4 19. Rc1 Rc8 20. Nf3 d5 21. exd5 Nxd5 22. Nxd5 Bxd5 23. Bd4 Bxf3 0-1

[Event "Late-Titled-Tuesday-Blitz-July-09-2024"]
[Site "Chess.com"]
[Date "2024.07.09"]
[Round "4"]
[White "VitorBronson"]
[Black "KVAIDAN"]
[Result "1-0"]
[WhiteElo "2516"]
[BlackElo "2358"]
[TimeControl "180+1"]
[EndTime "14:34:06 PDT"]
[Termination "VitorBronson won by resignation"]

1. e4 e5 2. Nf3 d5 3. exd5 e4 4. Qe2 Nf6 5. Nc3 Be7 6. Nxe4 Nxd5 7. d4 O-O 8. Bd2 Re8 9. O-O-O f5 10. Ng3 Nc3 11.
Qc4+ Nd5 12. Qb3 c6 13. c4 Nb6 14. Bc3 a5 15. d5 Na4 16. Qxa4 b5 17. cxb5 cxd5 18. Rxd5 Qc7 19. Qc4 Be6 20. Qxc7 1-0

[Event "Late-Titled-Tuesday-Blitz-July-09-2024"]
[Site "Chess.com"]
[Date "2024.07.09"]
[Round "4"]
[White "IMVadim"]
[Black "LUISMIGUELOV"]
[Result "0-1"]
[WhiteElo "2430"]
[BlackElo "2202"]
[TimeControl "180+1"]
[EndTime "14:34:24 PDT"]
[Termination "LUISMIGUELOV won by resignation"]

1. e4 d6 2. d4 Nf6 3. Nc3 g6 4. Be3 c6 5. Qd2 b5 6. f3 b4 7. Nce2 a5 8. h4 h5 9. Nh3 Bxh3 10. Rxh3 Nbd7 11. Nf4 e6 12. d5 cxd5 13. exd5 e5 14.
Ne2 Nb6 15. Ng3 Nfxd5 16. Bb5+ Ke7 17. O-O-O Nxe3 18. Qxe3 Bh6 0-1

[Event "Late-Titled-Tuesday-Blitz-July-09-2024"]
[Site "Chess.com"]
[Date "2024.07.09"]
[Round "4"]
[White "JunjiCol"]
[Black "praveenb2002"]
[Result "0-1"]
[WhiteElo "2434"]
[BlackElo "2843"]
[TimeControl "180+1"]
[EndTime "14:34:45 PDT"]
[Termination "praveenb2002 won by resignation"]

1. e4 c6 2. d4 d5 3. e5 Bf5 4. h4 h5 5. Bg5 Qb6 6. Bd3 Qxd4 7. Nf3 Qg4 8. Bxf5 Qxf5 9. O-O Nd7 10. c4 e6 11. Nc3 dxc4 12. Nd4 Qd3 13. Re1 Qxd1 14.
Raxd1 Nh6 15. Ne4 Nxe5 16. Nf6+ gxf6 17. Bxf6 Ng6 18. g4 Nxg4 19. Nf5 Nxf6 0-1

[Event "Late-Titled-Tuesday-Blitz-July-09-2024"]
[Site "Chess.com"]
[Date "2024.07.09"]
[Round "4"]
[White "Keaton87"]
[Black "Millerkallpa"]
[Result "1-0"]
[WhiteElo "2653"]
[BlackElo "2256"]
[TimeControl "180+1"]
[EndTime "14:34:50 PDT"]
[Termination "Keaton87 won by resignation"]

1. d4 Nf6 2. Nf3 c5 3. c3 d5 4. Bf4 Nc6 5. e3 Qb6 6. Qb3 c4 7. Qc2 Bf5 8. Qc1 e6 9. Nbd2 Be7 10. Be2 O-O 11. Nh4 Rfe8 12. Nxf5 exf5 13. O-O Rad8 14. b3 cxb3 15. axb3 Ne4 16. Nxe4 fxe4 17. c4 Qxb3 18.
Rb1 Qa4 19. Rxb7 dxc4 20. Bxc4 Nb4 21. Bb5 Qa2 22. Bxe8 Rxe8 23. Rxe7 1-0

[Event "Late-Titled-Tuesday-Blitz-July-09-2024"]
[Site "Chess.com"]
[Date "2024.07.09"]
[Round "4"]
[White "OverallStranger"]
[Black "ncofre98"]
[Result "1-0"]
[WhiteElo "2393"]
[BlackElo "2527"]
[TimeControl "180+1"]
[EndTime "14:35:18 PDT"]
[Termination "OverallStranger won by resignation"]

1. e4 c5 2. Nc3 Nc6 3. Bb5 Nd4 4. Nf3 Nxb5 5. Nxb5 d5 6. exd5 a6 7. Nc3 Nf6 8. d4 Nxd5 9. dxc5 Nxc3 10. Qxd8+ Kxd8 11. bxc3 f6 12. Be3 e5 13. Nd2 Kc7 14. O-O-O Be6 15.
f4 Bxa2 16. c4 Rd8 17. Kb2 Rxd2 18. Rxd2 Bxc4 19. Rhd1 exf4 20. Bxf4+ Kc6 21. Rd8 Rg8 22. Rc8+ Kb5 23. Rdd8 1-0

[Event "Late-Titled-Tuesday-Blitz-July-09-2024"]
[Site "Chess.com"]
[Date "2024.07.09"]
[Round "4"]
[White "simaopdias"]
[Black "EternalNight8"]
[Result "0-1"]
[WhiteElo "2199"]
[BlackElo "2374"]
[TimeControl "180+1"]
[EndTime "14:35:37 PDT"]
[Termination "EternalNight8 won by resignation"]

1. e4 c5 2. Nf3 d6 3. d4 cxd4 4.
Nxd4 Nf6 5. Nc3 Nc6 6. Be2 e5 7. Nb3 Be7 8. O-O O-O 9. Be3 a5 10.
a4 Be6 11. Nd5 Nxe4 12. Bb6 Qd7 13. Be3 Rae8 14. f3 Nf6 15. Nb6 Qc7 16. Qd2 d5 17. Nxa5 Bb4 18. c3 Bxa5 19. Nxd5 Nxd5 0-1

[Event "Late-Titled-Tuesday-Blitz-July-09-2024"]
[Site "Chess.com"]
[Date "2024.07.09"]
[Round "4"]
[White "enriquebutti"]
[Black "Arystanner"]
[Result "0-1"]
[WhiteElo "2180"]
[BlackElo "2893"]
[TimeControl "180+1"]
[EndTime "14:35:39 PDT"]
[Termination "Arystanner won by resignation"]

1. d4 Nf6 2. Nf3 g6 3. e3 Bg7 4. Bd3 O-O 5. O-O d6 6. c3 Nbd7 7. Nbd2 e5 8. e4 Re8 9. Re1 c6 10. a4 a5 11. Qc2 Qc7 12. dxe5 Nxe5 13. Nxe5 dxe5 14. Nc4 Be6 15. Bg5 Nd7 16. Be3 Bf8 17.
Red1 f6 18. Bf1 Kg7 19. Rd2 Nc5 20. Rad1 Rad8 21. b4 Rxd2 22. Rxd2 axb4 23. cxb4 Na6 24. b5 cxb5 25. axb5 Nb4 26. Qc3 Rc8 27. Bb6 Qxb6 28. Nxb6 Rxc3 0-1

[Event "Late-Titled-Tuesday-Blitz-July-09-2024"]
[Site "Chess.com"]
[Date "2024.07.09"]
[Round "4"]
[White "Michalczak"]
[Black "AlexTruskavetsky"]
[Result "0-1"]
[WhiteElo "2514"]
[BlackElo "2691"]
[TimeControl "180+1"]
[EndTime "14:35:40 PDT"]
[Termination "AlexTruskavetsky won by resignation"]

1. e4 c5 2. c3 Nf6 3. e5 Nd5 4. Nf3 Nc6 5. d4 cxd4 6. Bc4 Nb6 7. Bb3 d6 8. exd6 Qxd6 9. O-O g6 10. Ng5 e6 11. Ne4 Qd8 12. Qf3 Be7 13. Bh6 f5 14.
Ng3 Bg5 15. Bxg5 Qxg5 16. Re1 O-O 17. Na3 dxc3 18. Qxc3 Qf6 19. Qe3 f4 0-1

[Event "Late-Titled-Tuesday-Blitz-July-09-2024"]
[Site "Chess.com"]
[Date "2024.07.09"]
[Round "4"]
[White "Trovita84"]
[Black "fmshawnrl123"]
[Result "0-1"]
[WhiteElo "2394"]
[BlackElo "2859"]
[TimeControl "180+1"]
[EndTime "14:35:59 PDT"]
[Termination "fmshawnrl123 won by resignation"]

1. e4 c5 2. Nf3 Nc6 3. Bb5 Nf6 4. d3 Qa5+ 5. Nc3 e6 6. Bxc6 bxc6 7. O-O Qc7 8. Re1 e5 9. a4 d6 10. b3 g6 11. a5 Bg7 12. h3 O-O 13. Nh2 Rb8 14. Ra4 Nh5 15. Ng4 Kh8 16. Bh6 f5 17. Bxg7+ Qxg7 18.
exf5 gxf5 19. Nxe5 Rg8 20. g3 Nxg3 21. Nf7+ Qxf7 22. fxg3 Rxg3+ 23. Kh2 f4 0-1

[Event "Late-Titled-Tuesday-Blitz-July-09-2024"]
[Site "Chess.com"]
[Date "2024.07.09"]
[Round "4"]
[White "Mariia89"]
[Black "ArturoCaceres"]
[Result "0-1"]
[WhiteElo "2231"]
[BlackElo "2392"]
[TimeControl "180+1"]
[EndTime "14:36:01 PDT"]
[Termination "ArturoCaceres won by checkmate"]

1. d4 f5 2. g3 Nf6 3. Bg2 e6 4. Nf3 d5 5. c4 c6 6. O-O Be7 7. b3 O-O 8. Ba3 Ne4 9. Bxe7 Qxe7 10. Qc2 Nd7 11. Nbd2 Nxd2 12. Nxd2 f4 13. e4 fxe3 14. fxe3 e5 15. Rxf8+ Nxf8 16. cxd5 exd4 17. exd4 Qe3+ 18.
Kh1 Qxd4 19. dxc6 Qxa1+ 20. Nf1 bxc6 21. Qxc6 Rb8 22. Qc7 Bb7 23. Qxb8 Qxf1# 0-1

[Event "Late-Titled-Tuesday-Blitz-July-09-2024"]
[Site "Chess.com"]
[Date "2024.07.09"]
[Round "4"]
[White "AradNazari"]
[Black "Zq1"]
[Result "1-0"]
[WhiteElo "2785"]
[BlackElo "2575"]
[TimeControl "180+1"]
[EndTime "14:36:09 PDT"]
[Termination "AradNazari won by resignation"]

1. d4 Nf6 2. c4 a6 3. Nc3 c5 4.
d5 b5 5. cxb5 axb5 6. Nxb5 Qa5+ 7.
Nc3 Bb7 8. Bd2 Qb6 9. e4 e6 10. Bc4 Nxe4 11. Nge2 Nxd2 12. Qxd2 Be7 13. O-O O-O 14.
f4 Ba6 15. b3 Bxc4 16. bxc4 Qb4 17. Qd3 Ra3 18. Rab1 Qa5 19. Rb3 Na6 20. f5 Nb4 21.
Qg3 Bf6 22. Ne4 Bb2 23. f6 g6 24. Qf4 1-0

[Event "Late-Titled-Tuesday-Blitz-July-09-2024"]
[Site "Chess.com"]
[Date "2024.07.09"]
[Round "4"]
[White "cristiano78"]
[Black "Itay121"]
[Result "0-1"]
[WhiteElo "2257"]
[BlackElo "2525"]
[TimeControl "180+1"]
[EndTime "14:36:13 PDT"]
[Termination "Itay121 won by resignation"]

1. d4 Nf6 2. c4 e6 3. Nf3 b6 4.
g3 Bb7 5. Bg2 Be7 6. O-O O-O 7.
Nc3 Ne4 8. Qc2 Nxc3 9. Qxc3 f5 10. b3 d6 11. Bb2 Nd7 12. Rfe1 Nf6 13. Ng5 Bxg2 14. Nxe6 Qc8 15. Nxf8 Bb7 16. Nxh7 Kxh7 17. d5 Qf8 18. Qf3 Ne4 19. Rad1 Qf7 20. Kg2 Rf8 21. Rd3 Kg8 22. Re3 Bg5 23. Rd3 Nd2 24. Rxd2 Bxd2 25. Rd1 Bg5 26. h4 Bf6 27. Bc1 Be5 28. h5 Bc8 29. Rh1 f4 30. g4 Qd7 31. Kh3 a5 32. a4 Qe7 33. Rg1 Qg5 34. Kh2 Qh4+ 35. Qh3 f3+ 0-1

[Event "Late-Titled-Tuesday-Blitz-July-09-2024"]
[Site "Chess.com"]
[Date "2024.07.09"]
[Round "4"]
[White "ElDivis"]
[Black "Nicolik"]
[Result "0-1"]
[WhiteElo "2533"]
[BlackElo "2710"]
[TimeControl "180+1"]
[EndTime "14:36:17 PDT"]
[Termination "Nicolik won by resignation"]

1. d4 d5 2. Nf3 Nf6 3. c4 e6 4.
e3 b6 5. Nc3 Bb7 6. Bd3 Nbd7 7.
O-O a6 8. Qc2 dxc4 9. Bxc4 Bxf3 10. gxf3 Bd6 11. Ne4 Nxe4 12. Qxe4 O-O 13. Kh1 Kh8 14.
Rg1 f5 15. Qxe6 Rf6 16. Qd5 c6 17. Qxc6 Bxh2 18. Qxf6 Nxf6 19. Kxh2 Qc7+ 0-1

[Event "Late-Titled-Tuesday-Blitz-July-09-2024"]
[Site "Chess.com"]
[Date "2024.07.09"]
[Round "4"]
[White "IsaqueGoncalvesSanto"]
[Black "Nekoo04"]
[Result "0-1"]
[WhiteElo "1693"]
[BlackElo "2396"]
[TimeControl "180+1"]
[EndTime "14:36:21 PDT"]
[Termination "Nekoo04 won by checkmate"]

1. d4 d5 2. c4 dxc4 3. Nc3 a6 4. a4 Nc6 5. d5 Na5 6. Bf4 e6 7. e4 Nf6 8. dxe6 Bxe6 9. Qxd8+ Kxd8 10. Rd1+ Kc8 11. Nf3 Bb4 12. Ng5 Re8 13. Nxe6 Rxe6 14. f3 Nxe4 15. fxe4 Rxe4+ 16. Kf2 Rxf4+ 17. Kg3 Rf5 18. Be2 Bd6+ 19. Kh3 h5 20. g4 Rf2 21. gxh5 Kd7 22. Rd2 f5 23. Rg1 Rxh2# 0-1

[Event "Late-Titled-Tuesday-Blitz-July-09-2024"]
[Site "Chess.com"]
[Date "2024.07.09"]
[Round "4"]
[White "K_A_S_T_O_R"]
[Black "ManMish2"]
[Result "1-0"]
[WhiteElo "2846"]
[BlackElo "2596"]
[TimeControl "180+1"]
[EndTime "14:36:22 PDT"]
[Termination "K_A_S_T_O_R won by resignation"]

1. e4 e5 2. Nf3 Nc6 3. Bb5 a6 4. Ba4 Nf6 5. O-O Nxe4 6. d4 b5 7. Bb3 d5 8. dxe5 Be6 9. c3 Bc5 10. Qd3 O-O 11. Be3 Bxe3 12. Qxe3 f6 13. exf6 Qxf6 14. Nbd2 Nxd2 15. Qxd2 Rad8 16. Nd4 Ne5 17. Qe3 Bf7 18. Rae1 Nc4 19. Bxc4 dxc4 20. Qe5 Qxe5 21.
Rxe5 Bd5 22. Rfe1 c5 23. Nf5 Ba8 24. Ne7+ Kh8 25. f3 Rfe8 26. Ng6+ 1-0

[Event "Late-Titled-Tuesday-Blitz-July-09-2024"]
[Site "Chess.com"]
[Date "2024.07.09"]
[Round "4"]
[White "GMAneta"]
[Black "SRob2003"]
[Result "0-1"]
[WhiteElo "2534"]
[BlackElo "2711"]
[TimeControl "180+1"]
[EndTime "14:36:32 PDT"]
[Termination "SRob2003 won by resignation"]

1. d4 Nc6 2. Nf3 d5 3. Bf4 Bf5 4.
e3 a6 5. c4 e6 6. Nc3 Nf6 7.
Rc1 dxc4 8. Bxc4 Bd6 9. Bg5 Bb4 10. O-O h6 11. Bh4 Be7 12. Qe2 Ne4 13. Bg3 O-O 14. Nxe4 Bxe4 15. Nd2 Bd5 16. Bd3 Nb4 17. Rxc7 Nxd3 18.
Qxd3 Bc6 19. Ne4 Bb5 20. Qb3 Bxf1 21. Kxf1 b5 22. Be5 Rc8 23. Qc2 Rxc7 24. Bxc7 Qd5 25. Be5 Qxa2 26. Qc7 Qb1+ 27. Ke2 Qxe4 28. Qxe7 Qxg2 29.
Bd6 Rc8 30. Bc5 Qxh2 31. Qd7 Qc7 0-1

[Event "Late-Titled-Tuesday-Blitz-July-09-2024"]
[Site "Chess.com"]
[Date "2024.07.09"]
[Round "4"]
[White "nitpicker"]
[Black "tandercat"]
[Result "1-0"]
[WhiteElo "2299"]
[BlackElo "1912"]
[TimeControl "180+1"]
[EndTime "14:36:35 PDT"]
[Termination "nitpicker won on time"]

1. d4 e6 2. c4 f5 3. Nf3 Nf6 4. Qc2 b6 5. a3 Bb7 6. Nbd2 d6 7.
e3 Nbd7 8. Bd3 Qe7 9. O-O O-O-O 10. e4 g6 11. b4 h5 12. Bb2 h4 13. Rfe1 h3 14.
g3 fxe4 15. Nxe4 Bg7 16. Qe2 Rde8 17. Neg5 e5 18. Bxg6 1-0

[Event "Late-Titled-Tuesday-Blitz-July-09-2024"]
[Site "Chess.com"]
[Date "2024.07.09"]
[Round "4"]
[White "lluiss"]
[Black "LoonsDeKoeben"]
[Result "0-1"]
[WhiteElo "2210"]
[BlackElo "2438"]
[TimeControl "180+1"]
[EndTime "14:36:44 PDT"]
[Termination "LoonsDeKoeben won by resignation"]

1. e4 e5 2. Nf3 Nc6 3. Bb5 a6 4. Ba4 Nf6 5. O-O b5 6. Bb3 Bc5 7.
h3 Bb7 8. d3 h6 9. a4 b4 10. c3 d6 11. d4 Bb6 12. dxe5 dxe5 13.
cxb4 Qxd1 14. Bxd1 Nxb4 15. Nxe5 Nxe4 16. a5 Bd4 17.
Ba4+ Ke7 18. Bd2 Nxd2 19. Nxd2 Bxe5 20. Rfe1 Kf6 21. Rxe5 Kxe5 22. Nc4+ Kf6 0-1

[Event "Late-Titled-Tuesday-Blitz-July-09-2024"]
[Site "Chess.com"]
[Date "2024.07.09"]
[Round "4"]
[White "Veleamater"]
[Black "ritanovikova"]
[Result "1-0"]
[WhiteElo "2432"]
[BlackElo "2143"]
[TimeControl "180+1"]
[EndTime "14:36:49 PDT"]
[Termination "Veleamater won by resignation"]

1. g3 g6 2. Bg2 Bg7 3. d3 Nf6 4. Nf3 O-O 5. O-O d5 6. Nc3 Nbd7 7. e4 dxe4 8. dxe4 e5 9. h3 Re8 10. Qe2 c6 11. Rd1 Qc7 12. Be3 Nb6 13. a4 Be6 14. b3 a5 15. Ng5 h6 16. Nxe6 Rxe6 17. f4 exf4 18. gxf4 Nh5 19. e5 Nd7 20. Qf2 Nxe5 21. fxe5 Bxe5 22. Bd4 Bg3 23. Qf3 Rae8 24. Rf1 f5 25.
Rad1 c5 26. Bf2 Bxf2+ 27. Qxf2 Qc6 28. Bxc6 1-0

[Event "Late-Titled-Tuesday-Blitz-July-09-2024"]
[Site "Chess.com"]
[Date "2024.07.09"]
[Round "4"]
[White "VirtualCoach"]
[Black "TOCANTINS_TO"]
[Result "1-0"]
[WhiteElo "2318"]
[BlackElo "2035"]
[TimeControl "180+1"]
[EndTime "14:36:53 PDT"]
[Termination "VirtualCoach won by resignation"]

1. e4 c5 2. Nf3 e6 3. d4 cxd4 4. Nxd4 Nc6 5. Nxc6 bxc6 6. Nc3 d5 7. Bd3 Nf6 8. O-O Be7 9. Re1 O-O 10. e5 Nd7 11.
Bf4 Nc5 12. Re3 Nxd3 13. Rxd3 Rb8 14. Rh3 g6 15. Bh6 Re8 16. Qd2 f6 17. Qe2 Rxb2 18. Rf3 f5 19. h3 Qa5 20. g4 Ba6 21. Qd2 Bb4 22. gxf5 Bxc3 23. Rxc3 gxf5 24. Qg5+ 1-0

[Event "Late-Titled-Tuesday-Blitz-July-09-2024"]
[Site "Chess.com"]
[Date "2024.07.09"]
[Round "4"]
[White "pooh2012"]
[Black "mishanick"]
[Result "0-1"]
[WhiteElo "2636"]
[BlackElo "3100"]
[TimeControl "180+1"]
[EndTime "14:37:04 PDT"]
[Termination "mishanick won by resignation"]

1. e4 e6 2. Qe2 c5 3. f4 Nc6 4. Nf3 Nf6 5. d3 d5 6. g3 Be7 7. Bg2 b5 8. O-O b4 9. a3 Qb6 10. axb4 cxb4+ 11. Kh1 a5 12. Be3 Bc5 13. exd5 Nxd5 14.
Bxc5 Qxc5 15. Nbd2 O-O 16. Nc4 Ba6 17. Nfd2 Nd4 18. Qd1 Bxc4 19. Nxc4 a4 20. Qd2 a3 21.
bxa3 bxa3 22. Ra2 Ra7 23. c3 Nb5 24. Rc1 Rb8 25. h4 h5 26. Rac2 g6 27. Ne5 Nbxc3 28. Rxc3 Nxc3 29. Nc6 Rb2 30. Qxc3 Qxc3 31. Rxc3 a2 32.
Nxa7 a1=Q+ 33. Kh2 Rxg2+ 0-1